 Dungeon Crawl Stone Soup version 0.21-a0-509-gecc5317 (webtiles) character file.

521 Dawnplanks the Covert (level 7, 0/67 HPs)
             Began as an Octopode Assassin on Nov 29, 2017.
             Succumbed to a gnoll sergeant zombie's poison
             ... on level 4 of the Dungeon.
             The game lasted 00:16:30 (4053 turns).

Dawnplanks the Covert (Octopode Assassin)           Turns: 4053, Time: 00:16:31

Health: 0/67       AC: 23    Str: 10    XL:     7   Next: 21%
Magic:  7/7        EV:  2    Int: 13    God:
Gold:   174        SH:  0    Dex: 16    Spells: 6/6 levels left

rFire    . . .     SeeInvis .   x - +2 dagger (venom)
rCold    . . .     Gourm    .   (no shield)
rNeg     + + +     Faith    .   (helmet currently unavailable)
rPois    +         Spirit   .   (no amulet)
rElec    .         Reflect  .   (no ring)
rCorr    .         Harm     .   (no ring)
MR       .....     NoTele   +   (no ring)
Stlth    ++++......             (no ring)
HPRegen  0.21/turn              (no ring)
MPRegen  0.10/turn              (no ring)
                                (no ring)
                                (no ring)

@: lethally poisoned (0 -> -4), tree-form
A: almost no armour, stealthy swim, (amphibious), 8 rings, (constrict 8)
a: no special abilities


You were on level 4 of the Dungeon.
You were hungry.
You were a tree.
You visited 1 branch of the dungeon, and saw 4 of its levels.

You collected 174 gold pieces.

Inventory:

Hand Weapons
 b - a +0 blowgun
 x - a +2 dagger of venom (weapon)
Missiles
 c - 5 poisoned needles (quivered)
 d - 7 curare-tipped needles
 k - 8 needles of sleeping
Armour
 w - a +0 buckler
Scrolls
 e - 4 scrolls of identify
 g - 3 scrolls of random uselessness {unknown}
 h - 2 scrolls of magic mapping {unknown}
 i - a scroll of immolation {unknown}
 l - 4 scrolls of remove curse {unknown}
 p - 2 scrolls of amnesia {unknown}
 q - a scroll of fear {unknown}
 t - 3 scrolls of enchant armour {unknown}
 u - a scroll of fog {unknown}
Potions
 a - a potion of flight
 m - a potion of degeneration {unknown}
 s - a potion of might {unknown}
 v - a potion of resistance
Comestibles
 f - 4 bread rations
 o - 8 fruits


   Skills:
 + Level 2.7 Fighting
 + Level 4.0 Short Blades
 + Level 2.4 Throwing
 + Level 2.7 Dodging
 + Level 9.2 Stealth


You had 6 spell levels left.
You didn't know any spells.

Dungeon Overview and Level Annotations

Branches:
Dungeon (4/15)
 Temple: D:4-7

Altars:
Hepliaklqana
The Shining One

Annotations:
D:4 1 transporter


Innate Abilities, Weirdness & Mutations

You cannot wear most types of armour.
You are very stealthy in the water. (Stealth+)
((You are amphibious.))
You can wear up to eight rings at the same time.
((You can use your tentacles to constrict eight enemies at once.))
((Your skin changes colour to match your surroundings (Stealth+).))
((Your rubbery body absorbs attacks. (AC +1, EV +1)))


Message History

* * * LOW HITPOINT WARNING * * *
You hit the gnoll sergeant zombie.
The gnoll sergeant zombie is heavily damaged.
You constrict the gnoll sergeant zombie.
* * * LOW HITPOINT WARNING * * *
You feel sick.
The gnoll sergeant zombie closely misses you.
You hit the gnoll sergeant zombie but do no damage.
The gnoll sergeant zombie is heavily damaged.
You constrict the gnoll sergeant zombie.
You hit the gnoll sergeant zombie. You squeeze the gnoll sergeant zombie!
The gnoll sergeant zombie is almost destroyed.
You constrict the gnoll sergeant zombie.
* * * LOW HITPOINT WARNING * * *
You feel sick.
The gnoll sergeant zombie closely misses you.
It was a potion of lignification.
You turn into a tree.
Your roots penetrate the ground.
You lose your grip on the gnoll sergeant zombie.
You die...

... . .. .# . ###### #.
### #§§§§§######## #.
###..
.#§§§§§#§§§§§§####.###....
.#§§§§§#§§§§§§#..##.......
.#=$.§§§)#.#§§#..........#
©#©(.§§§Z♣.©§§#©..........
.#[$.§§§.#.#§§#...........
##§§§§§#§§§§§§#..........)
##§§§§§#§§§§§§#...........
#..§§.########...........
###### #............
##............
#.............
#.............


You could see a gnoll sergeant zombie.

Vanquished Creatures
  An ogre (D:4)
  3 hounds (D:4)
  3 orc wizards
  Terence (D:2)
  3 worker ants
  5 adders
  3 gnoll zombies (D:4)
  A white imp (D:4)
  An ooze (D:2)
  A worm (D:2)
  2 dart slugs (D:1)
  A leopard gecko (D:3)
  6 orcs
  6 giant cockroaches
  6 goblins
  9 hobgoblins
  3 jackals (D:4)
  3 quokkas (D:3)
  A ball python (D:1)
  9 bats
  3 frilled lizards
  A goblin skeleton (D:4)
  A goblin zombie (D:4)
  8 kobolds
  A kobold skeleton (D:4)
  2 orc zombies (D:4)
  4 rats
88 creatures vanquished.

Notes
Turn   | Place    | Note
-------+----------+-------------------------------------------
     0 | D:1      | Dawnplanks the Octopode Assassin began the quest for the Orb.
     0 | D:1      | Reached XP level 1. HP: 14/14 MP: 1/1
   371 | D:1      | Reached XP level 2. HP: 18/19 MP: 2/2
   784 | D:2      | Reached skill level 6 in Stealth
   888 | D:2      | Reached XP level 3. HP: 14/24 MP: 3/3
  1101 | D:2      | Noticed Terence
  1152 | D:2      | Killed Terence
  1159 | D:2      | Reached XP level 4. HP: 29/29 MP: 4/4
  1870 | D:3      | Reached skill level 7 in Stealth
  2066 | D:3      | Reached XP level 5. HP: 34/34 MP: 5/5
  2276 | D:3      | Found a hazy altar of Hepliaklqana.
  2848 | D:4      | Reached skill level 8 in Stealth
  2848 | D:4      | Reached XP level 6. HP: 41/41 MP: 6/6
  3138 | D:4      | Found a transporter.
  3167 | D:4      | Found a glowing golden altar of the Shining One.
  3333 | D:4      | Reached skill level 9 in Stealth
  3333 | D:4      | Reached XP level 7. HP: 40/45 MP: 7/7
  3783 | D:4      | Found a transporter.
  4050 | D:4      | HP: 2/45 [poisoned by a gnoll sergeant zombie]
  4053 | D:4      | Succumbed to a gnoll sergeant zombie's poison

Vault maps used:
D:1:      dpeg_arrival_water_fire, nrook_mini_vaults
D:2:      uniq_terence
D:3:      lemuel_doored_altar, first_bread
D:4:      gammafunk_cloud_chamber, minmay_temple_entry_mist,
          nicolae_tso_besieged_by_evil

Skill      XL: |  1  2  3  4  5  6  7 |
---------------+----------------------+-----
Stealth        | 6 7 8 9 |  9.2
Short Blades   | 3 4 |  4.0
Dodging        | 2 |  2.7
Fighting       | |  2.7
Throwing       | |  2.4

Action                   |  1- 3 |  4- 6 |  7- 9 || total
-------------------------+-------+-------+-------++-------
Melee: Dagger            |    49 |   109 |    35 ||   193
       Constrict         |    14 |    27 |     8 ||    49
       Tentacles         |     4 |    22 |     9 ||    35
 Fire: Blowgun           |     7 |       |       ||     7
  Use: Potion            |       |       |     5 ||     5
       Scroll            |       |       |     1 ||     1
 Stab: Sleeping          |     6 |    18 |     1 ||    25
  Eat: Chunk             |     1 |     6 |     2 ||     9
Armor: Skin              |     7 |     4 |     1 ||    12
Dodge: Dodged            |    24 |    41 |    12 ||    77

Table legend:
 A = Spawn XP
 B = Non-spawn XP
 C = Spawn XP percentage of total XP
 D = Spawn monster count
 E = Non-spawn monster count
 F = Spawn count percentage of total count
 G = Total turns spent on level
                    A         B        C        D         E        F      G
               +---------+---------+-------+---------+---------+-------+---------
         Total |       0 |     745 |   0.0 |       0 |      88 |   0.0 |  4053
               +---------+---------+-------+---------+---------+-------+---------
           D:1 |       0 |      22 |   0.0 |       0 |      14 |   0.0 |   778
           D:2 |       0 |      91 |   0.0 |       0 |      22 |   0.0 |  1081
           D:3 |       0 |     204 |   0.0 |       0 |      29 |   0.0 |   971
           D:4 |       0 |     428 |   0.0 |       0 |      23 |   0.0 |  1223
               +---------+---------+-------+---------+---------+-------+---------
